 Dungeon Crawl Stone Soup version 0.24.0-29-g8ce449bc06 (webtiles) character file.

Game seed: 13533221850065122366, levelgen mode: deterministic

80 FishyPogo the Chiller (level 4, -9/30 HPs)
             Began as a Human Ice Elementalist on Nov 15, 2019.
             Was an Initiate of Nemelex Xobeh.
             Mangled by a gnoll
             ... wielding a cursed -3 halberd
              (11 damage)
             ... on level 2 of the Dungeon.
             The game lasted 00:05:36 (1749 turns).

FishyPogo the Chiller (Human Ice Elementalist)      Turns: 1749, Time: 00:05:38

Health: -9/30      AC:  3    Str:  9    XL:     4   Next: 65%
Magic:  0/7        EV: 13    Int: 16    God:    Nemelex Xobeh [......]
Gold:   60         SH:  0    Dex: 13    Spells: 1/7 levels left

rFire    . . .     SeeInvis .   b - +0 club
rCold    . . .     Gourm    .   (no shield)
rNeg     . . .     Faith    .   a - +0 robe
rPois    .         Spirit   .   g - +0 helmet
rElec    .         Reflect  .   (no cloak)
rCorr    .         Harm     .   (no gloves)
MR       .....                  (no boots)
Stlth    ++........             (no amulet)
HPRegen  0.10/turn              (no ring)
MPRegen  0.10/turn              (no ring)

@: very slightly contaminated
A: no striking features
a: Draw Escape, Draw Destruction, Draw Summoning, Renounce Religion


You were on level 2 of the Dungeon.
You worshipped Nemelex Xobeh.
Nemelex Xobeh was noncommittal.
You were not hungry.

You visited 1 branch of the dungeon, and saw 2 of its levels.

You collected 60 gold pieces.

Inventory:

Hand Weapons
 b - a +0 club (weapon)
Missiles
 e - 33 stones (quivered)
 h - 5 javelins
 n - 18 poisoned darts
Armour
 a - a +0 robe (worn)
 g - a +0 helmet (worn)
 l - +0 ice dragon scales
Scrolls
 d - a scroll of magic mapping {unknown}
 i - 2 scrolls of teleportation {unknown}
 j - a scroll of blinking {unknown}
 k - a scroll of identify {unknown}
 m - a scroll of amnesia {unknown}
 p - a scroll of enchant armour {unknown}
Potions
 f - a potion of invisibility {unknown}
 q - a potion of heal wounds {unknown}
Comestibles
 c - 2 rations
 o - 3 chunks of flesh


   Skills:
 + Level 2.9 Dodging
 - Level 2.0 Stealth
 * Level 2.3 Spellcasting
 - Level 1.0 Conjurations
 + Level 4.2 Ice Magic


You had one spell level left.
You knew the following spells:

 Your Spells              Type           Power        Failure   Level  Hunger
a - Freeze                Ice            ###.         3%          1    #......
b - Throw Frost           Conj/Ice       ##....       11%         2    ###....
p - Ozocubu's Armour      Chrm/Ice       #.......     26%         3    ###....

Your spell library contained the following spells:

 Spells                   Type           Power        Failure   Level  Hunger
 Throw Icicle             Conj/Ice       ##......     56%         4    #####..
 Summon Ice Beast         Ice/Summ       #.......     63%         4    #####..


Dungeon Overview and Level Annotations

Branches:
Dungeon (2/15)

Altars:
Nemelex Xobeh
Zin

Shops:
D:2 *

Annotations:
D:2 Terence


Message History

The gnoll is moderately wounded.
The gnoll hits you with a +2 flail of holy wrath.
The gnoll barely misses you. The gnoll barely misses you.
You closely miss the gnoll.
The gnoll is moderately wounded.
The gnoll hits you with a +2 flail of holy wrath.
The gnoll completely misses you.
You hit the gnoll.
The gnoll is severely wounded.
The gnoll barely misses you.
The gnoll hits you with a cursed -3 halberd.
* * * LOW HITPOINT WARNING * * *
You completely miss the gnoll.
The gnoll is severely wounded.
The gnoll hits you with a +2 flail of holy wrath.
* * * LOW HITPOINT WARNING * * *
The gnoll hits you with a cursed -3 halberd!
You die...
Your body disappears without a glow.

##.####.##.##......## ##
##...###.............######
#..#..##.#...###...#......#
#.###.....................#
#..#..##.#..#######...#...#
##...###.#..# #.<......#..#
#######.#..###.###...#...#
#..)......# #...#.#.#
#..#g@##### #....†..#
######.g#.g# ##..#####
........#.#.#######..#
#######..###.........##
#...#......÷....#####
#..#.#########.......
#..#.# #..##### #..# #
######..##### ....
#.........÷..


You could see 2 gnolls.

Vanquished Creatures
  An adder (D:2)
  2 gnolls (D:2)
  2 oozes
  4 worms (D:2)
  A dart slug (D:1)
  3 bats
  A giant cockroach (D:2)
  A goblin (D:1)
  4 hobgoblins
  6 kobolds
  9 frilled lizards
  2 rats (D:1)
36 creatures vanquished.

Notes
Turn   | Place    | Note
-------+----------+-------------------------------------------
     0 | D:1      | FishyPogo the Human Ice Elementalist began the quest for
                  | the Orb.
     0 | D:1      | Reached XP level 1. HP: 13/13 MP: 3/3
    93 | D:1      | Reached XP level 2. HP: 19/19 MP: 1/5
   223 | D:1      | Found a sparkling altar of Nemelex Xobeh.
   227 | D:1      | Became a worshipper of Nemelex Xobeh the Trickster
   261 | D:1      | Received a gift from Nemelex Xobeh
   311 | D:1      | Learned a level 2 spell: Throw Frost
   996 | D:2      | Reached XP level 3. HP: 12/24 MP: 2/6
  1012 | D:2      | Noticed Terence
  1229 | D:2      | Learned a level 3 spell: Ozocubu's Armour
  1295 | D:2      | Reached skill level 4 in Ice Magic
  1452 | D:2      | Found a glowing silver altar of Zin.
  1453 | D:2      | Found Zin's Purification Station.
  1458 | D:2      | Reached XP level 4. HP: 16/30 MP: 1/7
  1749 | D:2      | Mangled by a gnoll

Levels and vault maps discovered:
D:1:      ebering_trefoil_3fold, layout_loops_corners,
          nemelex_diamond_rough_becter
D:2:      layout_loops_ring, zin_purify, chequers_serial_rivers_room_a,
          kennysheep_generic_room_13, uniq_terence

Skill      XL: |  1  2  3 |
---------------+----------+-----
Ice Magic      | 4 |  4.2
Dodging        | |  2.9
Stealth        | |  2.0
Spellcasting   | |  2.3
Conjurations   | |  1.0

Action                   |  1- 3 |  4- 6 || total
-------------------------+-------+-------++-------
Melee: Unarmed           |     7 |       ||     7
       Club              |    37 |    11 ||    48
 Cast: Freeze            |    47 |    11 ||    58
       Throw Frost       |     5 |       ||     5
       Ozocubu's Armour  |     1 |       ||     1
 Abil: Draw Summoning    |     1 |       ||     1
       Draw Destruction  |       |     1 ||     1
 Stab: Sleeping          |     1 |       ||     1
  Eat: Chunk             |     3 |     1 ||     4
Armor: Robe              |    21 |     3 ||    24
Dodge: Dodged            |    66 |    17 ||    83
